 Dungeon Crawl Stone Soup version 0.27-a0-681-g0c81a3c1c3 (webtiles) character file.

Game seed: 7121639382354725495

15 Lanoc the Ducker (level 2, -4/21 HPs)
             Began as a Felid Berserker on Mar 19, 2021.
             Was a Follower of Trog.
             Slain by an orc
             ... wielding a +0 falchion of holy wrath
              (10 damage)
             ... on level 3 of the Dungeon.
             The game lasted 00:00:46 (329 turns).

Lanoc the Ducker (Felid Berserker)                   Turns: 329, Time: 00:00:47

Health: -4/21      AC:  1    Str: 13    XL:     2   Next: 34%
Magic:  3/3        EV: 18    Int:  8    God:    Trog [*.....]
Gold:   37         SH:  0    Dex: 15    Spells: 1/1 levels left
                                        Lives:  0   Deaths: 0

rFire    . . .     SeeInvis +     - Unarmed
rCold    . . .     Faith    .   (shield unavailable)
rNeg     . . .     Spirit   .   (armour unavailable)
rPois    .         Reflect  .   (helmet unavailable)
rElec    .         Harm     .   (cloak unavailable)
rCorr    .         Rampage  .   (gloves unavailable)
Will     .....                  (boots unavailable)
Stlth    ..........             (no amulet)
HPRegen  0.07/turn              (no ring)
MPRegen  0.08/turn              (no ring)

@: berserking, lethally poisoned (-4 -> -11), slowed, quick
A: very small, claws 1, fangs 3, see invisible, speed 1, shaggy fur 1, stealthy
paws, no weapons or thrown items, no armour, multi-lived
a: Renounce Religion, Berserk


You were on level 3 of the Dungeon.
You worshipped Trog.
Trog was aware of your devotion.
You visited 1 branch of the dungeon, and saw 3 of its levels.

You collected 37 gold pieces.

Inventory:

Scrolls
 c - a scroll of teleportation {unknown}
Potions
 a - 2 potions of curing {unknown}
 b - a potion of degeneration {unknown}
 d - a potion of berserk rage {unknown}


   Skills:
 + Level 3.1 Fighting
 + Level 4.3 Dodging
 * Level 3.4 Unarmed Combat


You had one spell level left.
You didn't know any spells.
Your spell library was empty.

Dungeon Overview and Level Annotations

Branches:
Dungeon (3/15)

Altars:


Innate Abilities, Weirdness & Mutations

You have sharp claws.
You have razor-sharp teeth.
You have supernaturally acute eyesight. (SInv)
You cover ground quickly. (Speed+)
You are covered in fur. (AC +1)
Your stealthy paws help you sneak and pounce on unaware monsters.
You are incapable of wielding weapons or throwing items.
You cannot wear armour.
You gain extra lives every three experience levels.


Message History

A rat comes into view.
A rat is nearby!
The rat misses you.
You barely miss the rat. The rat misses you.
You scratch the rat.
You kill the rat!
Trog accepts your kill.
No target in view!
No target in view!
No target in view!
No target in view!
No target in view!
You see here a rat corpse.
An orc comes into view.
It is wielding a +0 falchion of holy wrath.
The orc moves out of view.
The orc shouts!
An orc is nearby!
Found a scroll labelled SAKAIK RUZU.
A red film seems to cover your vision as you go berserk!
You feel yourself moving faster!
You feel mighty!
You feel a strong urge to attack something.
The orc hits you with a +0 falchion of holy wrath.
You closely miss the orc.
An orc comes into view.
It is wielding a +2 hand axe of electrocution and quivering curare-tipped darts.
The orc closely misses you.
You closely miss the orc.
The orc shouts!
You hear a shout!
The orc throws a curare-tipped dart.
The curare-tipped dart hits you.
You are poisoned.
You have difficulty breathing.
Ouch! That really hurt!
You feel yourself slow down.
You are too injured to fight recklessly!
You are too injured to fight recklessly!
You scratch the orc.
The orc is heavily wounded.
* * * LOW HITPOINT WARNING * * *
You feel sick.
The orc hits you with a +0 falchion of holy wrath!
You die...

###........#.#....#
.........>.......##.#
..................#.#
.............#....#.#
..........##.#.#..#.#
..........##.#.#..#.#
..?............#..#.#
..........###.##..#.#
......o@..# #.##..#.#
..........###..##.#†#
..........#.........#
..........#.##..#.###
..........#.###.#.#
..........#.# #.#.#
..........#.# #....
..o.......#.# ##.#.##
#.# #.#..#


You could see 2 orcs.

Vanquished Creatures
  An ooze (D:3)
  A worm (D:2)
  A hobgoblin (D:1)
  2 bats
  A frilled lizard (D:2)
  A kobold (D:3)
  3 rats
10 creatures vanquished.

Notes
Turn   | Place    | Note
-------+----------+-------------------------------------------
     0 | D:1      | Lanoc the Felid Berserker began the quest for the Orb.
     0 | D:1      | Reached XP level 1. HP: 10/10 MP: 2/2
   163 | D:2      | Reached XP level 2. HP: 14/14 MP: 3/3
   329 | D:3      | Slain by an orc

Illustrated notes

Levels and vault maps discovered:
D:1:      kennysheep_arrival_seaside, layout_loops_ring
D:2:      layout_loops_ring, serial_shops, shop, uniq_robin
D:3:      layout_basic

Action                   || total
-------------------------++-------
Melee: Unarmed           ||    26
       Bite              ||     4
       Punch             ||     1
Invok: Berserk           ||     3
 Stab: Sleeping          ||     1
Armor: Skin              ||     1
Dodge: Dodged            ||    18

Table legend: (Time is in decaauts)
 A = Elapsed time spent in this place.
 B = Non-inter-level travel time spent in this place.
 C = Inter-level travel time spent in this place.
 D = Time resting spent in this place.
 E = Time spent auto-exploring this place.
 F = Levels seen in this place.
 G = Mean time per level.
                   A        B        C        D        E       F      G
               +--------+--------+--------+--------+--------+-----+--------+
         Total |    286 |    264 |     22 |      0 |    176 |   3 |   95.3 |
       Dungeon |    286 |    264 |     22 |      0 |    176 |   3 |   95.3 |
               +--------+--------+--------+--------+--------+-----+--------+

Top non-repeatable levels by time:
     D:3: 131 daAuts
     D:1: 103 daAuts
     D:2: 51 daAuts
